[Event "November 21 Early 2023"]
[Site "https://www.chess.com"]
[Date "2023.11.21"]
[Round "3"]
[White "Aaditya Dhingra"]
[Black "Licznerski, Lukasz"]
[Result "0-1"]
[Board "42"]
[TimeControl "180+1"]
[WhiteFideId "25678191"]
[BlackFideId "1179250"]
[WhiteElo "2269"]
[BlackElo "2436"]
[WhiteTeam "IND"]
[BlackTeam "POL"]
[WhiteClock "0:00:15"]
[BlackClock "0:00:08"]

1. g3 d5 2. Bg2 Nf6 3. b3 c5 4. Bb2 Nc6 5. Nf3 Bg4 6. O-O e6 7. d3 Bd6 8. Nbd2 O-O 9. h3 Bh5 10. e4 d4 11. Qe2 e5 12. g4 Bg6 13. Nh4 Ne8 14. Nf5 Nc7 15. Nc4 Be7 16. a4 Ne6 17. Bc1 Bg5 18. Ba3 b6 19. h4 Bxh4 20. Nxh4 Qxh4 21. Bc1 h5 22. f3 Rad8 23. gxh5 Bxh5 24. Qf2 Qxf2+ 25. Rxf2 g5 26. Bh3 Nf4 27. Bf5 f6 28. Bxf4 exf4 29. Rh2 Bf7 30. Kf2 Rfe8 31. Rah1 Kf8 32. Rh7 Ke7 33. Bg6 Rf8 34. R1h6 Rd7 35. Bf5 Rc7 36. e5 Nxe5 37. Nxe5 fxe5 38. Re6+ Kd8 39. Rxe5 Bg8 40. Rh5 Re7 41. Rxe7 Kxe7 42. Rxg5 Kf6 43. Rh5 Bf7 44. Bg4 Bxh5 45. Bxh5 Rh8 46. Bg4 Rh2+ 47. Ke1 Rxc2 0-1

[Event "November 21 Early 2023"]
[Site "https://www.chess.com"]
[Date "2023.11.21"]
[Round "3"]
[White "Zubarev, Alexander"]
[Black "AlmasRakhmatullaev"]
[Result "0-1"]
[Board "43"]
[TimeControl "180+1"]
[WhiteFideId "14104385"]
[WhiteElo "2363"]
[BlackElo "2866"]
[WhiteTeam "UKR"]
[WhiteClock "0:00:00"]
[BlackClock "0:00:05"]

1. Nf3 Nf6 2. c4 g6 3. b3 Bg7 4. Bb2 d6 5. g3 O-O 6. Bg2 Nbd7 7. d4 e6 8. O-O Rb8 9. Nc3 b6 10. e4 Bb7 11. Re1 a6 12. Qc2 Qe7 13. Rad1 Rfd8 14. h3 h6 15. e5 dxe5 16. dxe5 Ne8 17. Ne4 Nc5 18. Ba3 Bxe4 19. Qxe4 Rxd1 20. Rxd1 Nxe4 21. Bxe7 Nc3 22. Rd2 Bf8 23. Bxf8 Kxf8 24. Rc2 Nb1 25. Rc1 Na3 26. Kf1 Rd8 27. Ke2 c5 28. Nd2 Nc7 29. Ne4 Ne8 30. f4 Ke7 31. Ke3 a5 32. Bf3 Rd4 33. Rd1 Nc2+ 34. Ke2 Rxd1 35. Kxd1 Nd4 36. Bg2 f5 37. Nc3 g5 38. Kd2 gxf4 39. gxf4 Kd7 40. Bf1 Ng7 41. Be2 Kc6 42. Bd1 Kc7 43. Kd3 Nc6 44. a3 Nd4 45. Ke3 Kd7 46. Na4 Kc6 47. Nc3 Ne8 48. h4 Ng7 49. Na4 Kc7 50. Nc3 Nc6 51. Nb5+ Kd7 52. Bf3 Ne7 53. Nd6 Ne8 54. Nf7 Ng8 55. h5 Ke7 56. Nh8 Ng7 57. Ng6+ Kd7 58. Kd3 Ne7 59. Nh4 Kc7 60. Kc3 Nc8 61. b4 axb4+ 62. axb4 cxb4+ 63. Kxb4 Na7 64. Ng6 Ne8 65. Nf8 Ng7 66. Ng6 Nc6+ 67. Bxc6 Kxc6 68. Nf8 Nxh5 69. Nxe6 Ng3 70. Nf8 h5 71. Ng6 Ne4 72. e6 Kd6 73. e7 Kd7 74. Kb5 Nd6+ 75. Kxb6 Nxc4+ 76. Kc5 Ne3 77. Kd4 Ng2 78. Ke5 h4 79. Kf6 Ke8 80. Ne5 Nxf4 81. Nc4 Nd5+ 82. Ke6 Nxe7 83. Nd6+ Kf8 0-1

[Event "November 21 Early 2023"]
[Site "https://www.chess.com"]
[Date "2023.11.21"]
[Round "3"]
[White "Javakhadze, Zurab"]
[Black "Streltsov, Alexey"]
[Result "1-0"]
[Board "44"]
[TimeControl "180+1"]
[WhiteFideId "13603647"]
[BlackFideId "24104434"]
[WhiteElo "2381"]
[BlackElo "2311"]
[WhiteTeam "GEO"]
[BlackTeam "ISR"]
[WhiteClock "0:00:10"]
[BlackClock "0:00:30"]

1. Nf3 d5 2. g3 Nc6 3. d4 Bf5 4. Bg2 Nb4 5. Na3 e6 6. O-O Nf6 7. c3 Nc6 8. c4 Be4 9. cxd5 exd5 10. Nb5 Bd6 11. Nxd6+ Qxd6 12. Bf4 Qd7 13. Rc1 Nh5 14. Ne5 Nxe5 15. Bxe5 Bxg2 16. Kxg2 c6 17. e4 Nf6 18. Bxf6 gxf6 19. Qf3 O-O-O 20. Rfe1 h5 21. Qxf6 h4 22. Qf5 h3+ 23. Kf1 Rhe8 24. Qxd7+ Rxd7 25. e5 f6 26. f4 fxe5 27. dxe5 d4 28. Ke2 Kc7 29. Kd3 Kb6 30. b4 Kb5 31. Rc4 a5 32. bxa5 c5 33. Rb1+ Kc6 34. Rb6+ Kd5 35. Rb5 Rc7 36. Rxd4+ Kc6 37. Rb6# 1-0

[Event "November 21 Early 2023"]
[Site "https://www.chess.com"]
[Date "2023.11.21"]
[Round "3"]
[White "Santos Flores, Alberto"]
[Black "Eljanov, Pavel"]
[Result "0-1"]
[Board "45"]
[TimeControl "180+1"]
[WhiteFideId "3601234"]
[BlackFideId "14102951"]
[WhiteElo "2235"]
[BlackElo "2598"]
[WhiteTeam "ECU"]
[BlackTeam "UKR"]
[WhiteClock "0:00:03"]
[BlackClock "0:00:25"]

1. e4 c6 2. c4 d5 3. exd5 cxd5 4. cxd5 Nf6 5. Qa4+ Nbd7 6. Bc4 g6 7. Nc3 Bg7 8. Nf3 a6 9. d3 O-O 10. Qa3 b6 11. O-O Bb7 12. Re1 b5 13. Bb3 Re8 14. h3 Rc8 15. Be3 Nb6 16. d6 exd6 17. Ng5 Nbd5 18. Nce4 b4 19. Qa4 Bc6 20. Qxa6 h6 21. Rac1 hxg5 22. Rxc6 Rxc6 23. Qxc6 Nxe3 24. Rxe3 Nxe4 25. Rxe4 Rxe4 26. Qxe4 Qf6 27. Qxb4 Qxb2 28. Qxd6 Qa1+ 29. Bd1 Qxd1+ 30. Kh2 Qd2 31. Kg3 Bf8 32. Qd4 Bc5 33. Qf6 Qxd3+ 34. Kh2 Qd6+ 35. Qxd6 Bxd6+ 36. g3 f5 37. Kg2 Kf7 38. Kf3 Ke6 39. g4 Kd5 40. Ke3 Bc5+ 41. Ke2 Ke4 42. a4 Bb6 0-1

[Event "November 21 Early 2023"]
[Site "https://www.chess.com"]
[Date "2023.11.21"]
[Round "3"]
[White "BardArtem"]
[Black "Aggelis, Nikolaos"]
[Result "1-0"]
[Board "46"]
[TimeControl "180+1"]
[BlackFideId "4213220"]
[WhiteElo "2855"]
[BlackElo "2187"]
[BlackTeam "GRE"]
[WhiteClock "0:01:45"]
[BlackClock "0:01:36"]

1. e4 c6 2. d4 d5 3. exd5 cxd5 4. Bd3 Nc6 5. c3 Nf6 6. h3 Qc7 7. Nf3 g6 8. O-O Bg7 9. Re1 O-O 10. Na3 a6 11. Nc2 Bf5 12. Bf1 Rfe8 13. Ne3 Be4 14. Ng5 e5 15. Nxe4 dxe4 16. dxe5 Nxe5 17. Qc2 Rad8 18. Bd2 Nd3 19. Bxd3 exd3 20. Qa4 Ne4 21. Nf1 Nxd2 22. Nxd2 Qb6 23. Rxe8+ Rxe8 24. Qxe8+ 1-0

[Event "November 21 Early 2023"]
[Site "https://www.chess.com"]
[Date "2023.11.21"]
[Round "3"]
[White "Shuvalov, Evgenij"]
[Black "Szpar, Milosz"]
[Result "0-1"]
[Board "47"]
[TimeControl "180+1"]
[WhiteFideId "4187237"]
[BlackFideId "1184989"]
[WhiteElo "2059"]
[BlackElo "2446"]
[WhiteTeam "FID"]
[BlackTeam "POL"]
[WhiteClock "0:00:09"]
[BlackClock "0:00:17"]

1. d4 Nf6 2. c4 c5 3. Nf3 cxd4 4. Nxd4 e5 5. Nb5 d5 6. cxd5 Bc5 7. e3 O-O 8. g3 e4 9. N5c3 Re8 10. a3 Nbd7 11. Bg2 Ne5 12. Nxe4 Bg4 13. Nxf6+ Qxf6 14. Qc2 Bf5 15. Qc3 Nd3+ 16. Kf1 Bd4 17. exd4 Re1+ 18. Qxe1 Nxe1 19. Kxe1 Qxd4 20. Nc3 Re8+ 21. Be3 Rxe3+ 22. fxe3 Qxe3+ 23. Ne2 Bg4 24. Bf1 Bf3 25. Rc1 g5 26. Rc3 Qe4 27. Rxf3 Qxf3 28. Rg1 Qxd5 29. Kf2 Qd2 30. Bg2 Qxb2 31. Rd1 Qxa3 32. Rd7 Qc5+ 33. Kf1 Qf5+ 34. Kg1 Qxd7 0-1

[Event "November 21 Early 2023"]
[Site "https://www.chess.com"]
[Date "2023.11.21"]
[Round "3"]
[White "Jimenez Almeida, Luis David"]
[Black "Kravtsiv, Martyn"]
[Result "0-1"]
[Board "48"]
[TimeControl "180+1"]
[WhiteFideId "22242244"]
[BlackFideId "14113147"]
[WhiteElo "2216"]
[BlackElo "2689"]
[WhiteTeam "ESP"]
[BlackTeam "UKR"]
[WhiteClock "0:02:34"]
[BlackClock "0:02:08"]

1. e4 e5 2. Nf3 Nc6 3. Bb5 a6 4. Ba4 Nf6 5. O-O Be7 6. d3 b5 7. Bb3 O-O 8. c3 d6 9. Nbd2 Kh8 10. Re1 Be6 11. Nf1 Bxb3 12. axb3 Ng8 13. d4 exd4 14. Nxd4 Nxd4 15. Qxd4 Bf6 16. Qd3 Qd7 17. Ne3 Ne7 18. Ng4 Qxg4 0-1

[Event "November 21 Early 2023"]
[Site "https://www.chess.com"]
[Date "2023.11.21"]
[Round "3"]
[White "Idani, Pouya"]
[Black "Shubenkova, Veronika"]
[Result "1-0"]
[Board "49"]
[TimeControl "180+1"]
[WhiteFideId "12510130"]
[BlackFideId "44124040"]
[WhiteElo "2574"]
[BlackElo "1967"]
[WhiteTeam "IRI"]
[BlackTeam "RUS"]
[WhiteClock "0:00:26"]
[BlackClock "0:00:00"]

1. e4 e6 2. d4 d5 3. e5 c5 4. c3 Nc6 5. Nf3 cxd4 6. cxd4 Qb6 7. Nc3 Bd7 8. a3 Rc8 9. Na4 Qd8 10. Bd3 Nge7 11. O-O Nf5 12. Be3 Be7 13. b4 Nxe3 14. fxe3 O-O 15. Rc1 f6 16. exf6 Rxf6 17. Nc5 Bxc5 18. dxc5 Be8 19. b5 Ne7 20. Qd2 Ng6 21. a4 Qe7 22. Bxg6 Bxg6 23. Qd4 Rcf8 24. c6 bxc6 25. bxc6 Be4 26. c7 Rc8 27. Qxa7 Bxf3 28. Qb7 Rff8 29. Rxf3 Qa3 30. Rxf8+ Qxf8 31. a5 h6 32. a6 Kh7 33. Qxc8 Qxc8 34. a7 d4 35. exd4 Qb7 36. c8=Q Qxa7 37. Qc5 Qa2 38. Re1 1-0

[Event "November 21 Early 2023"]
[Site "https://www.chess.com"]
[Date "2023.11.21"]
[Round "3"]
[White "Narayanan, Srinath"]
[Black "Nikologorsky, Matfei"]
[Result "1-0"]
[Board "50"]
[TimeControl "180+1"]
[WhiteFideId "5018420"]
[BlackFideId "24102474"]
[WhiteElo "2442"]
[BlackElo "2153"]
[WhiteTeam "IND"]
[BlackTeam "FID"]
[WhiteClock "0:00:30"]
[BlackClock "0:00:10"]

1. Nf3 Nf6 2. c4 e6 3. e3 b6 4. Nc3 Bb7 5. b3 Bb4 6. Bb2 O-O 7. Be2 d5 8. O-O Nbd7 9. cxd5 Nxd5 10. Nxd5 Bxd5 11. Rc1 Bd6 12. Qc2 Nf6 13. d3 c5 14. e4 Bf4 15. exd5 Bxc1 16. Qxc1 Nxd5 17. d4 Rc8 18. dxc5 Rxc5 19. Qa1 f6 20. Ba3 Nf4 21. Bc4 Rh5 22. Bxf8 Kxf8 23. Qc1 Qc7 24. Rd1 g5 25. Bf1 Qxc1 26. Rxc1 g4 27. Nd2 Rd5 28. Ne4 f5 29. g3 Ng6 30. Ng5 Ke7 31. Nxh7 Ne5 32. Be2 Rd2 33. Kf1 Kd6 34. Rd1 1-0

[Event "November 21 Early 2023"]
[Site "https://www.chess.com"]
[Date "2023.11.21"]
[Round "3"]
[White "Friedland, Moshe"]
[Black "Vakhlamov, Igor L."]
[Result "1/2-1/2"]
[Board "51"]
[TimeControl "180+1"]
[WhiteFideId "2812843"]
[BlackFideId "24126748"]
[WhiteElo "2186"]
[BlackElo "2407"]
[WhiteTeam "ISR"]
[BlackTeam "RUS"]
[WhiteClock "0:00:08"]
[BlackClock "0:00:12"]

1. a3 Nf6 2. Nf3 d5 3. c4 e6 4. g3 c5 5. cxd5 exd5 6. d4 Nc6 7. Bg2 Be7 8. O-O O-O 9. Nc3 Ne4 10. Na4 cxd4 11. Nxd4 Bf6 12. Be3 Re8 13. Rc1 Bxd4 14. Bxd4 Bf5 15. Nc5 Qe7 16. e3 Rad8 17. b4 a6 18. Bb2 Nxc5 19. Rxc5 Be4 20. f3 Bg6 21. Re1 d4 22. e4 a5 23. Qd2 axb4 24. axb4 d3 25. Qc3 f6 26. Rd1 Ne5 27. Rc7 Rd7 28. Rxd7 Qxd7 29. f4 Rc8 30. Qd4 Qxd4+ 31. Bxd4 Nc6 32. Bc5 Rd8 33. b5 Nd4 34. Bxd4 Rxd4 35. Kf2 h5 36. Ke3 Rb4 37. Rxd3 Rxb5 38. h3 Rb4 39. g4 hxg4 40. hxg4 Kf8 41. Rd4 Rb3+ 42. Rd3 Rxd3+ 43. Kxd3 Ke7 44. Kd4 b6 45. f5 Bf7 46. e5 b5 47. e6 Be8 48. Kc5 g6 49. Bd5 gxf5 50. gxf5 Bh5 51. Kxb5 Bg4 52. Be4 Be2+ 53. Kc5 Bg4 54. Kd5 Bh5 55. Kd4 Bg4 56. Ke3 Bh5 57. Kf4 Be8 58. Kg3 Bb5 59. Kf4 Bc4 60. Kg4 Bb5 61. Kh5 Be2+ 62. Kg6 Bc4 63. Kh6 Bxe6 64. fxe6 Kxe6 65. Kg6 Ke5 66. Bc2 f5 67. Bxf5 1/2-1/2

[Event "November 21 Early 2023"]
[Site "https://www.chess.com"]
[Date "2023.11.21"]
[Round "3"]
[White "Urazayev, Arystanbek"]
[Black "Mohammed, Zozek Salah Mohammed"]
[Result "0-1"]
[Board "52"]
[TimeControl "180+1"]
[WhiteFideId "13709810"]
[BlackFideId "4803361"]
[WhiteElo "2405"]
[BlackElo "2211"]
[WhiteTeam "KAZ"]
[BlackTeam "IRQ"]
[WhiteClock "0:00:18"]
[BlackClock "0:00:30"]

1. d4 d5 2. c4 c6 3. Nf3 Nf6 4. e3 e6 5. Bd3 dxc4 6. Bxc4 Nbd7 7. O-O b5 8. Be2 a6 9. a4 Bd6 10. axb5 cxb5 11. Bxb5 O-O 12. Bd3 Bb7 13. Nc3 e5 14. Nxe5 Nxe5 15. dxe5 Bxe5 16. Be2 Qc7 17. h3 Rad8 18. Qa4 Bxc3 19. bxc3 Qxc3 20. Ba3 Rfe8 21. Bxa6 Ra8 22. Bb4 Qe5 23. Qb3 Bxa6 24. Rfc1 Bc4 25. Qd1 Rxa1 26. Rxa1 Bd5 27. Qf1 h5 28. Be1 Rc8 29. Rd1 Bc4 30. Rc1 Bxf1 31. Rxc8+ Kh7 32. Kxf1 Qb5+ 33. Kg1 Qb1 34. Kf1 Qd3+ 35. Kg1 Qd1 36. Kf1 Ne4 37. f3 Qd3+ 38. Kg1 Qxe3+ 39. Kf1 Qd3+ 40. Kg1 Qe2 41. Rc1 Qe3+ 0-1

[Event "November 21 Early 2023"]
[Site "https://www.chess.com"]
[Date "2023.11.21"]
[Round "3"]
[White "Pakleza, Zbigniew"]
[Black "komogro"]
[Result "1-0"]
[Board "53"]
[TimeControl "180+1"]
[WhiteFideId "1119290"]
[WhiteElo "2410"]
[BlackElo "2340"]
[WhiteTeam "POL"]
[WhiteClock "0:00:04"]
[BlackClock "0:00:00"]

1. d4 Nf6 2. Nf3 g6 3. Bf4 Bg7 4. e3 c5 5. c3 d5 6. Nbd2 O-O 7. Be2 Nc6 8. h3 Ne4 9. O-O Nxd2 10. Qxd2 Qb6 11. a3 Bf5 12. b4 c4 13. a4 h6 14. Bh2 g5 15. Bd1 Bd3 16. Re1 Be4 17. Qc1 Rae8 18. Nd2 Bg6 19. e4 dxe4 20. Nxe4 Qd8 21. Bf3 e5 22. b5 Na5 23. Qa3 exd4 24. cxd4 Qxd4 25. Rad1 Qb2 26. Bd6 c3 27. Bxf8 Bxf8 28. Nf6+ Kh8 29. Qxb2 cxb2 30. Rxe8 Kg7 31. Nh5+ Kg8 32. Nf6+ Kg7 33. Be4 Kxf6 34. Bxg6 Kxg6 35. Rxf8 1-0

[Event "November 21 Early 2023"]
[Site "https://www.chess.com"]
[Date "2023.11.21"]
[Round "3"]
[White "Bordi, Kevin"]
[Black "Hoffmann, Asa"]
[Result "1-0"]
[Board "54"]
[TimeControl "180+1"]
[WhiteFideId "621862"]
[BlackFideId "2001470"]
[WhiteElo "2833"]
[BlackElo "2117"]
[WhiteTeam "MNC"]
[BlackTeam "USA"]
[WhiteClock "0:01:37"]
[BlackClock "0:00:19"]

1. d4 Nf6 2. Bg5 e6 3. e4 d6 4. Nd2 Be7 5. Bd3 b6 6. Ngf3 Bb7 7. O-O Nbd7 8. Re1 e5 9. Nf1 h6 10. Bh4 g5 11. Bg3 g4 12. Nh4 exd4 13. Nf5 h5 14. Bh4 c5 15. N1g3 Bf8 16. Bb5 a6 17. Bc4 Ne5 18. Bd5 Ra7 19. c3 Bxd5 20. exd5 dxc3 21. Ne4 cxb2 22. Nxf6+ Qxf6 23. Bxf6 bxa1=Q 24. Qxa1 Rg8 25. Bxe5 dxe5 26. Qxe5+ 1-0

[Event "November 21 Early 2023"]
[Site "https://www.chess.com"]
[Date "2023.11.21"]
[Round "3"]
[White "Mejia, Giovanni"]
[Black "mind1mover"]
[Result "0-1"]
[Board "55"]
[TimeControl "180+1"]
[WhiteFideId "5209498"]
[WhiteElo "2075"]
[BlackElo "2889"]
[WhiteTeam "PHI"]
[WhiteClock "0:00:18"]
[BlackClock "0:00:23"]

1. e4 c5 2. d3 d5 3. exd5 Nf6 4. Nc3 Nxd5 5. Nf3 Nxc3 6. bxc3 g6 7. Be3 Bg7 8. Qd2 Qa5 9. d4 Bg4 10. Be2 Nc6 11. h3 cxd4 12. Nxd4 Bxe2 13. Kxe2 Rd8 14. Ke1 O-O 15. f4 e5 16. fxe5 Nxe5 17. Kf2 Nc4 18. Qd3 Nxe3 19. Qxe3 Rfe8 20. Qd3 Rc8 21. Rhe1 Red8 22. Rad1 Rxc3 23. Qe4 Qb6 0-1

[Event "November 21 Early 2023"]
[Site "https://www.chess.com"]
[Date "2023.11.21"]
[Round "3"]
[White "Sjugirov, Sanan"]
[Black "Manukyan, Sargis A."]
[Result "1-0"]
[Board "56"]
[TimeControl "180+1"]
[WhiteFideId "4189302"]
[BlackFideId "13303970"]
[WhiteElo "2569"]
[BlackElo "2204"]
[WhiteTeam "HUN"]
[BlackTeam "ARM"]
[WhiteClock "0:00:06"]
[BlackClock "0:00:03"]

1. e4 c5 2. Nf3 d6 3. d4 cxd4 4. Nxd4 Nf6 5. Nc3 g6 6. Be3 Bg7 7. f3 O-O 8. Qd2 Nc6 9. O-O-O d5 10. exd5 Nxd5 11. Nxc6 bxc6 12. Bd4 e5 13. Bc5 Be6 14. Ne4 Re8 15. h4 h6 16. Bc4 Qc7 17. Bb3 Red8 18. h5 g5 19. g4 Nf4 20. Qf2 Bd5 21. Ng3 e4 22. fxe4 Bxb3 23. axb3 Qe5 24. Ba3 a5 25. Qc5 Qe6 26. Qf5 a4 27. Qxe6 Nxe6 28. Rxd8+ Nxd8 29. Rd1 axb3 30. cxb3 Ne6 31. Nf5 Rb8 32. Kc2 Bf8 33. Bxf8 Kxf8 34. Nxh6 Nc5 35. Nf5 Nxe4 36. h6 Kg8 37. Rd4 Nf6 38. Rc4 Kh7 39. b4 Rb6 40. Kb3 Ng8 41. Kc3 Nxh6 42. Ne7 f5 43. gxf5 Kg7 44. Nxc6 g4 45. Ne5 Rb5 46. Rc7+ Kf6 47. Nd3 Kxf5 48. Rc5+ Rxc5+ 49. bxc5 g3 50. Ne1 Ke4 51. c6 Nf5 52. c7 Ne7 53. Kc4 Ke3 54. Kc5 Kf2 55. Nd3+ Ke3 56. Ne1 Kf2 57. Kd6 Nc8+ 58. Kd7 Na7 59. Nd3+ Ke3 60. Ne1 Kf2 61. Nd3+ Ke2 62. Nf4+ Kf3 63. Nh3 Kg2 64. Ng5 Kf1 65. Nf3 Kf2 66. Nh4 Ke3 67. b4 Kd4 68. b5 Kc5 69. Nf3 Kxb5 70. Nd4+ Kc5 71. Nc6 Nxc6 72. c8=Q Kd4 73. Qxc6 Ke3 74. Qg2 Kf4 75. Ke6 Kg4 76. Ke5 Kh4 77. Kf4 1-0

[Event "November 21 Early 2023"]
[Site "https://www.chess.com"]
[Date "2023.11.21"]
[Round "3"]
[White "Suleymanli, Suleyman"]
[Black "Rohith Krishna S"]
[Result "0-1"]
[Board "57"]
[TimeControl "180+1"]
[WhiteFideId "13416375"]
[BlackFideId "46617051"]
[WhiteElo "2219"]
[BlackElo "2394"]
[WhiteTeam "AZE"]
[BlackTeam "IND"]
[WhiteClock "0:00:17"]
[BlackClock "0:00:59"]

1. Nf3 b5 2. g3 Bb7 3. Bg2 Nf6 4. d4 e6 5. a4 b4 6. c4 bxc3 7. Nxc3 Bb4 8. O-O O-O 9. Qc2 a5 10. e4 Bxc3 11. e5 Bxd4 12. Nxd4 Bxg2 13. Kxg2 Nd5 14. h3 Ra6 15. Nf3 Nc6 16. Qe4 Rb6 17. Ra3 Rb4 18. Qc2 Qb8 19. Rd3 Rb6 20. Rdd1 Rb3 21. Ng5 g6 22. Ne4 Nxe5 23. Rxd5 exd5 24. Nf6+ Kg7 25. Nxd5 Rd3 26. Rd1 Rxd1 27. Qxd1 Qb7 28. Qd4 d6 29. f4 c5 30. Qe4 Nd7 31. Bd2 Qxb2 32. Qe2 f6 33. f5 g5 34. h4 h6 35. Nc7 Qb7+ 36. Kg1 Qxc7 37. hxg5 hxg5 38. Qh5 Ne5 39. Bxg5 fxg5 40. Qxg5+ Kf7 41. Qh5+ Ke7 42. Qg5+ Ke8 0-1

[Event "November 21 Early 2023"]
[Site "https://www.chess.com"]
[Date "2023.11.21"]
[Round "3"]
[White "Klukin, Kirill"]
[Black "GatoRojo150"]
[Result "1-0"]
[Board "58"]
[TimeControl "180+1"]
[WhiteFideId "24199273"]
[WhiteElo "2344"]
[BlackElo "2580"]
[WhiteTeam "RUS"]
[WhiteClock "0:01:48"]
[BlackClock "0:00:35"]

1. c4 e5 2. Nc3 Nf6 3. g3 c6 4. d4 exd4 5. Qxd4 d5 6. Nf3 Na6 7. Bg2 Nb4 8. O-O Be7 9. Qe5 O-O 10. a3 Na6 11. cxd5 cxd5 12. b4 Be6 13. Bb2 Rc8 14. Rfd1 Nb8 15. Nd4 Nc6 16. Nxe6 Nxe5 17. Nxd8 Rfxd8 18. Nxd5 Nxd5 19. Bxe5 Bf6 20. Rxd5 Rxd5 21. Bxf6 Rd2 22. Bg5 Rxe2 23. Be3 b6 24. h4 h6 25. a4 Rb2 26. b5 Rcc2 27. Bc6 Ra2 28. Rd1 g6 29. Rd8+ Kg7 30. Bd4+ f6 31. Rd7+ Kf8 32. Be3 g5 33. hxg5 hxg5 34. Rxa7 f5 35. Bxb6 f4 36. gxf4 gxf4 37. Kg2 Kg8 38. a5 f3+ 39. Bxf3 Kh8 40. Bd4+ Kg8 41. Bd5+ Kf8 42. Bxa2 Rxa2 43. b6 Ke8 44. a6 Kd8 45. Bf6+ Kc8 46. Rc7+ Kb8 47. a7+ Ka8 48. Rc8+ Kb7 49. Rb8+ Kc6 50. a8=Q+ Rxa8 51. Rxa8 Kb7 52. Bd4 Kxa8 53. f4 Kb7 54. Kf3 Kc6 55. Ke4 Kd6 56. f5 Ke7 57. Be3 Kf7 58. Kd5 Kf6 59. Ke4 Ke7 60. Bd4 Kd7 61. Kd5 Ke7 62. Kc6 Kf7 63. b7 Ke7 64. b8=Q Kf7 65. Qe5 Kf8 66. Kd5 Kf7 67. Ke4 Kf8 68. Kf3 Kg8 69. Kg4 Kf7 70. Kh5 Kf8 71. Kg6 Kg8 72. Qe1 Kf8 73. Qa1 Kg8 74. Qb2 Kf8 75. Qc3 Kg8 76. f6 Kf8 77. Qd3 Kg8 78. Qe3 Kf8 79. Qf3 Kg8 80. Qg3 Kf8 81. Qh3 Kg8 82. Qh4 Kf8 83. Qg4 Kg8 84. Qf4 Kf8 85. Qe4 Kg8 86. Qe5 Kf8 87. Qf5 Kg8 88. Qg5 Kf8 89. Qh5 Kg8 90. Qb5 Kf8 91. Qa5 Kg8 92. Qb6 Kf8 93. Qa6 Kg8 94. Qb7 Kf8 95. Qa7 Kg8 96. f7+ Kf8 97. Bc5# 1-0

[Event "November 21 Early 2023"]
[Site "https://www.chess.com"]
[Date "2023.11.21"]
[Round "3"]
[White "Warmerdam, Max"]
[Black "Leyva Proenza, Richard"]
[Result "1-0"]
[Board "59"]
[TimeControl "180+1"]
[WhiteFideId "1048104"]
[BlackFideId "3500985"]
[WhiteElo "2530"]
[BlackElo "2322"]
[WhiteTeam "NED"]
[BlackTeam "VEN"]
[WhiteClock "0:00:54"]
[BlackClock "0:00:00"]

1. b3 b6 2. Bb2 Bb7 3. c4 c5 4. Nf3 Nf6 5. g3 Bxf3 6. exf3 Nc6 7. Bg2 Rc8 8. f4 g6 9. Nc3 Bg7 10. Nd5 e6 11. Ne3 O-O 12. O-O Ne8 13. Bxg7 Kxg7 14. Nc2 Qf6 15. Bxc6 dxc6 16. Qe2 Rd8 17. Rad1 Qb2 18. d4 cxd4 19. Nxd4 Qxe2 20. Nxe2 Nf6 21. Nd4 Rc8 22. Rd3 Rfe8 23. Nf3 Red8 24. Rfd1 Rxd3 25. Rxd3 Kf8 26. Ne5 Ke7 27. g4 Rc7 28. f3 Nd7 29. Kf2 Nxe5 30. fxe5 Rd7 31. Rxd7+ Kxd7 32. h4 h6 33. h5 gxh5 34. gxh5 Ke7 35. Ke3 f6 36. exf6+ Kxf6 37. Ke4 e5 38. f4 exf4 39. Kxf4 Ke6 40. b4 Kf6 41. b5 cxb5 42. cxb5 Ke6 43. Ke4 Kf6 44. Kf4 Ke6 45. a3 Kf6 46. a4 Ke6 47. Ke4 Kf6 48. Kd5 Kg5 49. Kc6 Kxh5 50. Kb7 Kg6 51. Kxa7 h5 52. a5 h4 53. axb6 h3 54. b7 h2 55. b8=Q h1=Q 56. Qd6+ Kg5 57. Qc5+ Kf4 58. b6 Qa1+ 59. Kb7 Kg3 60. Qg5+ Kh3 61. Qf5+ Kh2 62. Qf4+ Kh1 63. Qe4+ Kh2 64. Qd5 Qg7+ 65. Ka6 Qa1+ 66. Kb5 Qb2+ 67. Kc6 Qc3+ 68. Qc5 Qg7 69. b7 Qg2+ 70. Kb6 Qb2+ 71. Kc7 Qg7+ 72. Kc6 Qg2+ 73. Qd5 Qc2+ 74. Kd6 Qg6+ 75. Qe6 Qd3+ 76. Kc7 Qc3+ 77. Qc6 Qg7+ 78. Kb6 Qb2+ 79. Qb5 Qf6+ 80. Kc7 1-0

[Event "November 21 Early 2023"]
[Site "https://www.chess.com"]
[Date "2023.11.21"]
[Round "3"]
[White "Pham, Le Thao Nguyen"]
[Black "Cherniaiev, Tykhon"]
[Result "0-1"]
[Board "60"]
[TimeControl "180+1"]
[WhiteFideId "12401226"]
[BlackFideId "14182360"]
[WhiteElo "2261"]
[BlackElo "2438"]
[WhiteTeam "VIE"]
[BlackTeam "UKR"]
[WhiteClock "0:00:00"]
[BlackClock "0:01:41"]

1. d4 Nf6 2. Nf3 e6 3. Bf4 b6 4. e3 Bb7 5. a4 h6 6. a5 bxa5 7. c3 Nh5 8. Bg3 Nxg3 9. hxg3 Be7 10. Nbd2 c5 11. Nc4 Nc6 12. Nfe5 cxd4 13. Nxc6 Bxc6 14. Qxd4 O-O 15. Nxa5 Bd5 16. e4 Bf6 17. Qe3 Qb6 18. Nc4 Bxc4 19. Bxc4 Qxb2 20. O-O Qxc3 21. Qxc3 Bxc3 22. Ra6 Bd4 23. Rd1 Bb6 24. Rxd7 Rac8 0-1

[Event "November 21 Early 2023"]
[Site "https://www.chess.com"]
[Date "2023.11.21"]
[Round "3"]
[White "Weetik, Vjacheslav"]
[Black "FREDERICKtheMATE"]
[Result "0-1"]
[Board "61"]
[TimeControl "180+1"]
[WhiteFideId "4153472"]
[WhiteElo "2469"]
[BlackElo "2556"]
[WhiteTeam "RUS"]
[WhiteClock "0:00:00"]
[BlackClock "0:00:23"]

1. e4 c5 2. d4 cxd4 3. c3 Nf6 4. e5 Nd5 5. Nf3 Nc6 6. Bc4 Nb6 7. Bb3 d5 8. exd6 Qxd6 9. O-O Be6 10. Na3 Bxb3 11. Qxb3 e6 12. Nb5 Qd7 13. Nbxd4 Nxd4 14. Nxd4 Bc5 15. Rd1 O-O 16. Bf4 Rfd8 17. Bg5 Rdc8 18. Rd3 Qa4 19. Rad1 Qxb3 20. axb3 h6 21. Bh4 Nd5 22. b4 Bf8 23. Bg3 a5 24. bxa5 Rxa5 25. h3 b5 26. Nf5 Ra2 27. Rb1 b4 28. Ne3 bxc3 29. Nxd5 c2 30. Rc1 exd5 31. Be5 Bb4 32. Rxd5 f6 33. Bd4 Bd2 0-1

[Event "November 21 Early 2023"]
[Site "https://www.chess.com"]
[Date "2023.11.21"]
[Round "3"]
[White "Suyarov, Mukhammadzokhid"]
[Black "Herzog2012"]
[Result "1-0"]
[Board "62"]
[TimeControl "180+1"]
[WhiteFideId "14210495"]
[WhiteElo "2449"]
[BlackElo "2554"]
[WhiteTeam "UZB"]
[WhiteClock "0:00:18"]
[BlackClock "0:00:00"]

1. e4 c5 2. Nf3 d6 3. Bb5+ Nd7 4. d4 cxd4 5. Qxd4 a6 6. Bxd7+ Bxd7 7. O-O Nf6 8. Bg5 e6 9. c4 Be7 10. Nc3 O-O 11. Rad1 Bc6 12. Rfe1 Qc7 13. b3 Rfd8 14. h3 b5 15. Rc1 Qb7 16. Qd3 b4 17. Nd5 exd5 18. exd5 Be8 19. Bd2 Bf8 20. Nd4 Nd7 21. Qg3 Nc5 22. Bf4 Qd7 23. Re3 f6 24. Nc6 Rdc8 25. Rce1 Bg6 26. h4 Re8 27. Nxb4 Rxe3 28. Rxe3 Re8 29. Nc6 Ne4 30. Qf3 h5 31. Nd4 Nd2 32. Qe2 Rxe3 33. Qxe3 Ne4 34. Ne6 Nc5 35. Nxf8 Kxf8 36. Qg3 Kf7 37. f3 Bf5 38. Bxd6 Nd3 39. Ba3 Qa7+ 40. Kh2 Qe3 41. Qc7+ Kg6 42. Bf8 Qe5+ 43. Qxe5 Nxe5 44. Bd6 Bb1 45. Bxe5 fxe5 46. a3 Ba2 47. d6 Kf6 48. c5 Ke6 49. b4 g6 50. Kg3 Bd5 51. Kf2 e4 52. fxe4 Bxe4 53. g3 Bd5 54. Ke3 Bc6 55. Kf4 Bd5 56. g4 hxg4 57. Kxg4 Bc6 58. Kg5 Kf7 59. Kf4 Kf6 60. Ke3 Kf5 61. Kd4 Kf4 62. Kc4 Kg4 63. a4 Bxa4 64. b5 Bxb5+ 65. Kd5 Kxh4 66. c6 Be2 67. d7 1-0

[Event "November 21 Early 2023"]
[Site "https://www.chess.com"]
[Date "2023.11.21"]
[Round "3"]
[White "Vignesh N R"]
[Black "elmusmolamas"]
[Result "1-0"]
[Board "63"]
[TimeControl "180+1"]
[WhiteFideId "25012215"]
[WhiteElo "2425"]
[BlackElo "2553"]
[WhiteTeam "IND"]
[WhiteClock "0:01:28"]
[BlackClock "0:00:20"]

1. Nf3 Nf6 2. c4 c6 3. g3 d5 4. Bg2 Bf5 5. O-O e6 6. Qb3 Qb6 7. d3 h6 8. cxd5 exd5 9. Qc2 Be7 10. Nc3 O-O 11. e4 Bh7 12. Be3 Qa5 13. h3 Nbd7 14. a3 Rfe8 15. Rfe1 Bf8 16. b4 Qd8 17. Bd4 c5 18. bxc5 Bxc5 19. Qb2 Bxd4 20. Nxd4 Nc5 21. Rad1 dxe4 22. dxe4 Nfxe4 23. Nxe4 Bxe4 24. Ne6 Qf6 25. Qxf6 gxf6 26. Nxc5 Bxg2 27. Kxg2 1-0